 Dungeon Crawl Stone Soup version 0.27-a0-1595-g0b823d0a13 (webtiles) character file.

Game seed: 11269374739594581578

135 wilfster70 the Magician (level 5, -1/38 HPs)
             Began as a Djinni Fire Elementalist on July 20, 2021.
             Slain by an orc (5 damage)
             ... on level 3 of the Dungeon.
             The game lasted 00:06:22 (3035 turns).

wilfster70 the Magician (Djinni Fire Elementalist)  Turns: 3035, Time: 00:06:23

Health: -1/38      AC:  2    Str:  7    XL:     5   Next: 42%
Gold:   135        EV: 12    Int: 17    God:
                   SH:  0    Dex: 14

rFire    + + .     SeeInvis .   b - staff of death
rCold    x . .     Faith    .   (no shield)
rNeg     + . .     Spirit   .   a - +0 robe
rPois    ∞         Reflect  .   (no helmet)
rElec    .         Harm     .   (no cloak)
rCorr    .         Rampage  .   (no gloves)
Will     .....                  (boots unavailable)
Stlth    ++........             (no amulet)
HPRegen  0.12/turn              (no ring)
MPRegen  0.00/turn              (no ring)

@: flying
A: sickness immunity, fire resistance 2, cold vulnerability 1, float, innate
caster, hp casting, extra vitality 1
a: no special abilities


You were on level 3 of the Dungeon.
You visited 1 branch of the dungeon, and saw 3 of its levels.

You collected 135 gold pieces.

Inventory:

Armour
 a - a +0 robe (worn)
Magical Staves
 b - a staff of death (weapon)
Scrolls
 e - a scroll of blinking
 g - 2 scrolls of teleportation
Potions
 c - a potion of brilliance {unknown}
 h - a potion of mutation {unknown}
 i - a potion of haste {unknown}
 j - a potion of curing {unknown}


   Skills:
 + Level 2.1 Fighting
 + Level 1.8 Staves
 - Level 2.1 Dodging
 - Level 1.5 Stealth
 * Level 3.5 Spellcasting


You couldn't memorise any spells.
You knew the following spells:

 Your Spells              Type           Power      Damage    Failure   Level
a - Foxfire               Conj/Fire      60%        2x1d7     3%          1
b - Conjure Flame         Conj/Fire      15%        6-21      12%         3
c - Inner Flame           Hex/Fire       15%        N/A       12%         3
d - Sticky Flame          Conj/Fire      15%        2d4       36%         4
e - Fireball              Conj/Fire      7%         3d5       71%         5
f - Pain                  Necr           88%        1d8       3%          1
g - Call Imp              Summ           15%        N/A       6%          2
Your spell library was empty.

Dungeon Overview and Level Annotations

Branches:
Dungeon (3/15)

Altars:

Annotations:
D:2 1 runed translucent door, Crazy Yiuf


Innate Abilities, Weirdness & Mutations

You are immune to sickness and miasma.
You are immune to poison.
Your flesh is very heat resistant. (rF++)
You are vulnerable to cold. (rC-)
You float through the air rather than walking.
You learn spells naturally, not from books.
Your magical power is your life essence.
You have superior vitality. (+4 HP)


Message History

Found 12 gold pieces.
You now have 135 gold pieces (gained 12).
You reach down and open the door.
A ball python, 2 river rats, a giant cockroach and 2 orcs come into view.
The orc shouts!
The orc priest shouts!
You hear a shout!
A ball python comes into view.
An orc wizard comes into view. It is wielding a +0 dagger.
A rat comes into view.
The ball python moves out of view.
The orc wizard gestures at you while chanting.
You resist with some effort.
The orc priest mumbles some strange prayers to Beogh against you.
Beogh smites you!
You hear an angry hiss.
The river rat twitches its whiskers.
The orc priest miscasts a cantrip.
You hear the slow rusting of a distant drain.
There is an open door here.
Casting: Foxfire (safe; 3% risk of failure)
Confirm with . or Enter, or press ? or * to list all spells.
You conjure some foxfire!
The orc hits you with a +0 flail.
The foxfire hits the river rat but does no damage.
The foxfire hits the orc.
The orc is severely wounded.
The orc misses you.
Casting: Foxfire (safe; 3% risk of failure)
Confirm with . or Enter, or press ? or * to list all spells.
You conjure some foxfire!
The river rat misses you. The orc barely misses you.
The foxfire hits the orc.
The orc is almost dead.
The foxfire hits the river rat.
The river rat is lightly wounded.
The river rat bites you! The orc hits you with a +0 flail!
* * * LOW HITPOINT WARNING * * *
Casting: Foxfire (safe; 3% risk of failure)
Confirm with . or Enter, or press ? or * to list all spells.
You conjure some foxfire!
* * * LOW HITPOINT WARNING * * *
The river rat barely misses you. The orc hits you with a +0 flail.
You die...

#r.# #.$....... #.##
#......... #r# ##+##
#......... ###.###8.8##
#.........
#...##.....###.........
#r###8.....8##...?.....
#.##.........##........
#.#8...v.....8##.......
#.'.So@v......'........
###8.r.......8#........
##.........##......##
##8.....8##.......#
##.....##........#
##8.8##.........#
##+##..........#
...#########


You could see a river rat (ally target), an orc (ally target) and a ball python.

Vanquished Creatures
  A scorpion (D:2)
  3 adders (D:2)
  2 dart slugs
  6 bats (D:2)
  8 endoplasms
  A giant cockroach (D:2)
  3 goblins
  5 hobgoblins
  3 jackals (D:2)
  A frilled lizard (D:1)
  3 kobolds
  5 rats
41 creatures vanquished.

Vanquished Creatures (others)
  114 foxfires
114 creatures vanquished.

Grand Total: 155 creatures vanquished

Notes
Turn   | Place    | Note
-------+----------+-------------------------------------------
     0 | D:1      | wilfster70 the Djinni Fire Elementalist began the quest for
                  | the Orb.
     0 | D:1      | Reached XP level 1. HP: 15/15 MP: 0/0
   412 | D:1      | Reached XP level 2. HP: 20/22 MP: 0/0
   794 | D:1      | You are sucked into a shaft and drop 1 floor!
   897 | D:2      | Reached XP level 3. HP: 19/26 MP: 0/0
   897 | D:2      | Learned a level 1 spell: Pain
   902 | D:2      | Reached skill level 1 in Fighting
  1047 | D:2      | Noticed a scorpion
  1345 | D:2      | Reached skill level 1 in Staves
  1381 | D:2      | Reached skill level 3 in Spellcasting
  1714 | D:2      | Reached XP level 4. HP: 27/32 MP: 0/0
  2069 | D:2      | Killed a scorpion
  2070 | D:2      | Reached XP level 5. HP: 9/38 MP: 0/0
  2070 | D:2      | Learned a level 2 spell: Call Imp
  2717 | D:2      | Found a faded altar of an unknown god.
  2844 | D:2      | Found a runed translucent door.
  2845 | D:2      | Noticed Crazy Yiuf
  3035 | D:3      | Slain by an orc

Illustrated notes

Levels and vault maps discovered:
D:1:      wander_arrival_lonely_grave, layout_loops_cross
D:2:      layout_loops_ring, ebering_ecumenical_altar_hall,
          minmay_divided_ellipse, uniq_crazy_yiuf_cottage
D:3:      layout_basic, portal_sewer_entry_b, dk_noncrumbling_4,
          kennysheep_minor_cross

Skill      XL: |  1  2  3  4 |
---------------+-------------+-----
Fighting       | 1 2 |  2.1
Staves         | 1 |  1.8
Spellcasting   | 3 |  3.5
Dodging        | |  2.1
Stealth        | |  1.5

Action                   |  1- 3 |  4- 6 || total
-------------------------+-------+-------++-------
Melee: Staff             |    25 |       ||    25
 Cast: Foxfire           |    40 |    32 ||    72
       Pain              |     4 |       ||     4
  Use: Scroll            |     3 |     1 ||     4
       Potion            |       |     1 ||     1
Armor: Robe              |     6 |     2 ||     8
Dodge: Dodged            |    47 |    16 ||    63

Table legend: (Time is in decaauts)
 A = Elapsed time spent in this place.
 B = Non-inter-level travel time spent in this place.
 C = Inter-level travel time spent in this place.
 D = Time resting spent in this place.
 E = Time spent auto-exploring this place.
 F = Levels seen in this place.
 G = Mean time per level.
                   A        B        C        D        E       F      G
               +--------+--------+--------+--------+--------+-----+--------+
         Total |   3038 |   2976 |     62 |   1383 |    808 |   3 | 1012.7 |
       Dungeon |   3038 |   2976 |     62 |   1383 |    808 |   3 | 1012.7 |
               +--------+--------+--------+--------+--------+-----+--------+

Top non-repeatable levels by time:
     D:2: 2128 daAuts
     D:1: 793 daAuts
     D:3: 116 daAuts
